 Dungeon Crawl Stone Soup version 0.30-b1-2-g02819fbbbe (webtiles) character file.

Game seed: 9316297668739423563

429 striepan the Carver (level 6, -5/51 HPs)
             Began as a Barachi Monk on Jan 16, 2024.
             Slain by a gnoll sergeant
             ... wielding a +0 trident
              (11 damage)
             ... on level 4 of the Dungeon.
             The game lasted 00:25:51 (5944 turns).

striepan the Carver (Barachi Monk)                  Turns: 5944, Time: 00:25:52

Health: -5/51      AC:  4    Str: 14    XL:     6   Next: 98%
Magic:  6/6        EV: 13    Int: 11    God:
Gold:   231        SH:  5    Dex: 16    Spells: 5/5 levels left

rFire   . . .        a - +0 falchion
rCold   . . .        d - orb {light}
rNeg    . . .        z - +1 robe of the Known World {Drain Regen+ Str+2 Stlth+}
rPois   .            (no helmet)
rElec   .            F - +0 cloak
rCorr   .            (no gloves)
SInv    .            (no boots)
Will    .....        t - amulet of reflection
Stlth   +            (no ring)
HPRegen 1.08/turn    (no ring)
MPRegen 0.10/turn

%: reflection
@: glowing, slow
A: amphibious, slowness 1, strong legs 1, +LOS
a: Hop


You were on level 4 of the Dungeon.
You visited 2 branches of the dungeon, and saw 5 of its levels.

You collected 231 gold pieces.

Inventory:

Hand Weapons
 a - a +0 falchion (weapon)
 b - a +0 dagger of venom
Missiles
 k - a javelin (quivered)
 l - 46 stones
 y - 5 atropa-tipped darts
Armour
 d - an orb of light (worn)
 i - a +0 ring mail
 n - a +0 scale mail
 z - the +1 robe of the Known World (worn) {Drain Regen+ Str+2 Stlth+}
   (You found it on level 3 of the Dungeon)

   Str:       It affects your strength (+2).
   Regen:     It increases your rate of health regeneration.
   Drain:     It drains your maximum health when unequipped.
   Stlth:     It makes you more stealthy.
 C - a +0 leather armour
 F - a +0 cloak (worn)
Magical Staves
 B - a staff of death
Jewellery
 t - an amulet of reflection (around neck)
Wands
 v - a wand of flame (5)
Scrolls
 g - a scroll of fear {unknown}
 j - 3 scrolls of identify {unknown}
 m - a scroll of silence {unknown}
 o - 2 scrolls of noise {unknown}
 p - a scroll of magic mapping {unknown}
 r - 2 scrolls of teleportation {unknown}
 w - 4 scrolls of vulnerability {unknown}
 x - a scroll of poison {unknown}
 E - a scroll of blinking {unknown}
Potions
 c - 2 potions of ambrosia
 e - 6 potions of attraction {unknown}
 f - 4 potions of degeneration {unknown}
 h - 4 potions of curing {unknown}
 q - 2 potions of heal wounds {unknown}
 s - a potion of mutation {unknown}
 u - 2 potions of flight {unknown}
 A - a potion of berserk rage {unknown}
 D - a potion of haste {unknown}


   Skills:
 + Level 5.2 Fighting
 - Level 8.0 Long Blades
 - Level 4.0 Dodging


You had 5 spell levels left.
You didn't know any spells.
Your spell library contained the following spells:

 Spells                   Type           Power      Damage    Failure   Level
 Apportation              Tloc           0%         N/A       34%         1
 Necrotise                Necr           0%         1d4       34%         1
 Summon Small Mammal      Summ           0%         N/A       34%         1
 Summon Guardian Golem    Hex/Summ       0%         N/A       71%         3
 Malign Gateway           Summ/Tloc      0%         N/A       100%        7
 Orb of Destruction       Conj           0%         9d5       100%        7
 Spellforged Servitor     Conj/Summ      0%         N/A       100%        7
 Summon Horrible Things   Summ           0%         N/A       100%        8


Dungeon Overview and Level Annotations

Branches:
Dungeon (4/15)             Temple (1/1) D:4

Altars:
Cheibriados
Dithmenos
Elyvilon
Hepliaklqana
Kikubaaqudgha
Nemelex Xobeh
Qazlal
Ru
Sif Muna
Uskayaw
Vehumet
Yredelemnul
Zin


Innate Abilities, Weirdness & Mutations

You are amphibious.
You cover ground slowly.
You can hop short distances.
You have an extended range of vision and can be seen from far away.


Message History

The javelin barely misses the gnoll sergeant.
The gnoll shouts!
You open the door.
The gnoll sergeant hits you with a +0 trident!
You hit the gnoll sergeant but do no damage.
The gnoll sergeant barely misses you. You block the gnoll's attack.
You barely miss the gnoll sergeant. The gnoll barely misses you.
You hit the gnoll sergeant.
The gnoll sergeant is lightly wounded.
You hit the gnoll sergeant.
The gnoll sergeant is moderately wounded.
The gnoll sergeant hits you with a +0 trident.
The gnoll hits you from afar with a +0 spear!
You hit the gnoll sergeant but do no damage.
The gnoll sergeant is moderately wounded.
The gnoll sergeant hits you with a +0 trident.
The gnoll hits you from afar with a +0 spear.
You hit the gnoll sergeant.
The gnoll sergeant is heavily wounded.
The gnoll sergeant hits you with a +0 trident!
The gnoll hits you from afar with a +0 spear!
* * * LOW HITPOINT WARNING * * *
You hit the gnoll sergeant but do no damage.
The gnoll sergeant is heavily wounded.
The gnoll sergeant closely misses you. The gnoll misses you.
You hit the gnoll sergeant but do no damage.
The gnoll sergeant is heavily wounded.
The gnoll sergeant closely misses you. The gnoll misses you.
You hit the gnoll sergeant.
The gnoll sergeant is heavily wounded.
The gnoll sergeant closely misses you. The gnoll misses you.
You hit the gnoll sergeant.
The gnoll sergeant is severely wounded.
The gnoll sergeant hits you with a +0 trident!
* * * LOW HITPOINT WARNING * * *
The gnoll misses you.
You hit the gnoll sergeant but do no damage.
The gnoll sergeant is severely wounded.
The gnoll sergeant hits you with a +0 trident!
You die...

*,,,,...............#..'......
*,,,,...............#..#......
#...(.,,,,,,,,,,....##'######'
#..g..,########,......,.......
#.....,#..#...#.......,.......
#...>..#..#...#.......,.......
#.....g#..[...'.......,.......
#......#'###..#,,,,,,,,.......
#......g...#g@#,,,,,,,,..^....
#..........#..#,,,,,,,,.......
******#....#.g################
#....#......#........'..
#....#......#........#..
#.......######..##..####
#######>##.####'##).##..
#.....'.....#...#..
#.....#.....#...#..


You could see a gnoll sergeant and a gnoll.

Vanquished Creatures
  A black bear (D:4)
  A jelly (D:1)
  A hound (D:3)
  Crazy Yiuf (D:2)
  An orc wizard (D:4)
  6 gnolls
  2 adders
  6 worms
  2 dart slugs (D:1)
  11 orcs
  13 endoplasms
  8 giant cockroaches
  9 hobgoblins
  9 jackals
  8 kobolds
  4 quokkas
  10 ball pythons
  6 bats
  3 frilled lizards
  7 goblins
  6 rats
115 creatures vanquished.

Notes
Turn   | Place    | Note
-------+----------+-------------------------------------------
     0 | D:1      | striepan the Barachi Monk began the quest for the Orb.
     0 | D:1      | Reached XP level 1. HP: 18/18 MP: 1/1
     0 | D:1      | Found a runed translucent door.
    53 | D:1      | Reached XP level 2. HP: 17/25 MP: 2/2
   118 | D:1      | Reached skill level 4 in Long Blades
   394 | D:1      | Reached XP level 3. HP: 21/30 MP: 3/3
   737 | D:2      | Reached skill level 5 in Long Blades
   912 | D:2      | Reached XP level 4. HP: 37/37 MP: 4/4
  1583 | D:2      | Found a runed translucent door.
  1584 | D:2      | Noticed Crazy Yiuf
  1855 | D:3      | Reached skill level 6 in Long Blades
  2083 | D:3      | Reached XP level 5. HP: 28/42 MP: 5/5
  2853 | D:3      | Found a faded altar of an unknown god.
  2949 | D:3      | Identified the +1 robe of the Known World {Drain Regen+
                  | Str+2 Stlth+}
  4118 | D:2      | Killed Crazy Yiuf
  4219 | D:1      | Reached skill level 7 in Long Blades
  4487 | D:4      | Reached XP level 6. HP: 49/49 MP: 6/6
  4501 | D:3      | Reached skill level 5 in Fighting
  4565 | D:4      | Noticed a black bear
  4579 | D:4      | Killed a black bear
  4617 | D:4      | Found a staircase to the Ecumenical Temple.
  4627 | Temple   | Entered the Ecumenical Temple
  4977 | D:4      | Reached skill level 8 in Long Blades
  5327 | D:4      | Found a hide-covered altar of Uskayaw.
  5330 | D:4      | Found an ancient bone altar of Kikubaaqudgha.
  5338 | D:4      | Found a white marble altar of Elyvilon.
  5433 | D:4      | Found a shadowy altar of Dithmenos.
  5436 | D:4      | Found a sparkling altar of Nemelex Xobeh.
  5443 | D:4      | Found a stormy altar of Qazlal.
  5944 | D:4      | Slain by a gnoll sergeant

Illustrated notes

Levels and vault maps discovered:
D:1:      dpeg_arrival_caged_fury, layout_rooms
D:2:      layout_basic, minmay_octomino_c4, uniq_crazy_yiuf_cottage
D:3:      layout_loops_corners, dreamdust_ecumenical_altar_hidden_monk_grotto,
          patterned_corridor
D:4:      layout_gridville, nicolae_overflow_hallway_of_the_gods,
          minmay_temple_entry_poolview
Temple:   nicolae_temple_great_sept

Skill      XL: |  1  2  3  4  5  6 |
---------------+-------------------+-----
Fighting       | 4 5 |  5.2
Long Blades    | 4 5 6 7 8 |  8.0
Dodging        | 4 |  4.0

Action                     |  1- 3 |  4- 6 || total
---------------------------+-------+-------++-------
  Melee: Falchion          |   111 |   259 ||   370
  Throw: Stone             |     3 |     6 ||     9
         Dart              |       |     5 ||     5
         Javelin           |       |     5 ||     5
Ability: Hop               |     3 |     2 ||     5
 Armour: Robe              |     6 |    17 ||    23
         Ring mail         |    13 |    28 ||    41
         Scale mail        |       |    23 ||    23
  Dodge: Dodged            |    61 |   154 ||   215
  Block: Orb               |       |    43 ||    43
         Reflection        |       |     1 ||     1
